 Dungeon Sprint DCSS version 0.21.1-1-g345015f (webtiles) character file.

54 Psiloshibe the Carver (level 5, -6/72 HPs)
             Began as a Barachi Berserker on June 20, 2018.
             Was an Elder of Trog.
             Mangled by a hellwing (8 damage)
             ... in the Dungeon (Sprint VI: "Thunderdome").
             The game lasted 00:02:14 (235 turns).

Psiloshibe the Carver (Barachi Berserker)            Turns: 235, Time: 00:02:14

Health: -6/72      AC:  4    Str: 25    XL:     5   Next: 28%
Magic:  0/5        EV: 13    Int: 10    God:    Trog [****..]
Gold:   100        SH:  0    Dex: 11    Spells: 4/4 levels left

rFire    + . .     SeeInvis .   a - +0 falchion
rCold    + . .     Gourm    .   (no shield)
rNeg     + . .     Faith    .   p - +2 robe
rPois    +         Spirit   +   (no helmet)
rElec    .         Reflect  .   (no cloak)
rCorr    .         Harm     .   (no gloves)
MR       +++..     NoTele   +   (no boots)
Stlth    ..........             n - amulet "Ashruwig" {Spirit rPois}
HPRegen  1.22/turn              o - ring of Herrigag {rN+ Int+3}
MPRegen  0.09/turn              q - ring "Anubod" {rF+ rC+ MR+ Slay+2}

@: berserking, regenerating, very quick
A: +LOS, swims, slowness 1, strong legs 1
a: Hop, Berserk, Trog's Hand, Brothers in Arms, Burn Spellbooks, Renounce
Religion


You were in the Dungeon.
You worshipped Trog.
Trog was greatly pleased with you.
You were very hungry.

You visited 1 branch You collected 280 gold pieces.
You spent 180 gold pieces at shops.

Inventory:

Hand Weapons
 a - a +0 falchion (weapon)
Armour
 p - a +2 robe (worn)
Jewellery
 n - the amulet "Ashruwig" (around neck) {Spirit rPois}
   (You bought it in a shop in the Dungeon)

   [amulet of guardian spirit]

   It causes incoming damage to be split between your health and magic.
   It protects you from poison.
 o - the ring of Herrigag (left hand) {rN+ Int+3}
   (You bought it in a shop in the Dungeon)

   [ring of positive energy]

   It affects your intelligence (+3).
   It protects you from negative energy.
 q - the ring "Anubod" (right hand) {rF+ rC+ MR+ Slay+2}
   (You bought it in a shop in the Dungeon)

   [ring of protection from cold]

   It affects your accuracy and damage with ranged weapons and melee attacks
   (+2).
   It protects you from fire.
   It protects you from cold.
   It affects your resistance to hostile enchantments.
Wands
 k - a wand of acid (5)
 l - a wand of iceblast (5)
Scrolls
 i - 4 scrolls of blinking
 m - 3 scrolls of fog
Potions
 d - 2 potions of curing
 e - 4 potions of heal wounds
 f - 4 potions of haste
 g - 2 potions of magic
 h - a potion of berserk rage
 j - a potion of resistance
Comestibles
 b - 3 chunks of flesh
 c - a ration


   Skills:
 + Level 7.5 Fighting
 + Level 8.0 Long Blades
 * Level 4.2 Throwing
 + Level 4.0 Armour
 + Level 4.1 Dodging


You had 4 spell levels left.
You didn't know any spells.

Dungeon Overview and Level Annotations

Branches:
Dungeon (1/1)

Altars:
Cheibriados
Dithmenos
Fedhas
Gozag
Kikubaaqudgha
Makhleb
Okawaru
Qazlal
Ru
Sif Muna
Trog
Uskayaw
Vehumet
Wu Jian
Xom
Yredelemnul
Zin
The Shining One
Beogh
Jiyva
Lugonu

Shops:
D *[%??*?*:[((!!!!


Innate Abilities, Weirdness & Mutations

Shadows flee at your approach. (+LOS)
You can swim through water.
You cover ground slowly.
You can hop short distances.


Message History

The hellwing hits you!
You hit the hellwing but do no damage. The hellwing hits you!
The hellwing closely misses you.
You hit the hellwing but do no damage.
The hellwing hits you but does no damage.
The hellwing hits you.
You hit the hellwing but do no damage. The hellwing hits you!
* * * LOW HITPOINT WARNING * * *
The hellwing hits you.
* * * LOW HITPOINT WARNING * * *
A red film seems to cover your vision as you go berserk!
You feel yourself moving faster!
You feel mighty!
You are feeling very hungry.
The hellwing hits you!
* * * LOW HITPOINT WARNING * * *
The hellwing hits you but does no damage.
You slash the hellwing!
The hellwing is lightly wounded.
The hellwing hits you!
You die...

##### ##⌠⌠⌠## #.....#
##.....## ##∩.....∩##
#∩.......∩# #_.......@#
#_.......4# #........_#
###.........###
#⌠........)..⌠#
######.8........[8.######
#∩=__......###......___∩##
∩........8.# #.8........∩###
...........###.............##


You could see a hellwing.

Vanquished Creatures
  A howler monkey (D)
  2 jellies (D)
  Jessica (D)
  4 oozes (D)
  An orc (D)
  A jackal (D)
  A quokka (D)
11 creatures vanquished.

Notes
Turn   | Place    | Note
-------+----------+-------------------------------------------
     0 | D        | Psiloshibe the Barachi Berserker began the quest for the Orb.
     0 | D        | Reached XP level 1. HP: 18/18 MP: 1/1
     0 | D        | Found a glowing golden altar of the Shining One.
     0 | D        | Found an opulent altar of Gozag.
     3 | D        | Found an iron altar of Okawaru.
     4 | D        | Found a snail-covered altar of Cheibriados.
     4 | D        | Found a deep blue altar of Sif Muna.
     4 | D        | Found a blossoming altar of Fedhas.
     5 | D        | Found a glowing silver altar of Zin.
     5 | D        | Round 1.
     6 | D        | Found Feguoj's Delicious Food.
     6 | D        | Found a hide-covered altar of Uskayaw.
     6 | D        | Found Wour's Identification Station.
     6 | D        | Found a shadowy altar of Dithmenos.
     7 | D        | Found Doitarau's Jewellery.
     7 | D        | Found Noconosh's Advanced Armour.
     7 | D        | Found a burning altar of Makhleb.
     7 | D        | Found a roughly hewn altar of Beogh.
     7 | D        | Found a sacrificial altar of Ru.
    16 | D        | Bought a coiled ruby amulet for 45 gold pieces
    16 | D        | Bought a crude jade ring for 45 gold pieces
    16 | D        | Bought a sparkling copper ring for 45 gold pieces
    16 | D        | Identified the ring "Ythyuwka" {+Inv rPois rF+ MP+9 Str-5} (You bought it in a shop in the Dungeon)
    18 | D        | Identified the amulet "Ashruwig" {Spirit rPois} (You bought it in a shop in the Dungeon)
    19 | D        | Identified the ring of Herrigag {rN+ Int+3} (You bought it in a shop in the Dungeon)
    20 | D        | Bought a coiled steel ring for 45 gold pieces
    20 | D        | Identified the ring "Anubod" {rF+ rC+ MR+ Slay+2} (You bought it in a shop in the Dungeon)
    33 | D        | Found Peogilut's Magic Scroll Shop.
    34 | D        | Found Palor's Staff Store.
    34 | D        | Found Vualiwn's Magic Scroll Shop.
    34 | D        | Found Imimenuw's Must-Have Magic.
    35 | D        | Noticed Jessica
    38 | D        | Found a stormy altar of Qazlal.
    44 | D        | Killed Jessica
    44 | D        | Reached ** piety under Trog
    44 | D        | Reached skill level 5 in Fighting
    44 | D        | Reached skill level 5 in Long Blades
    44 | D        | Reached XP level 2. HP: 27/27 MP: 2/2
    44 | D        | Reached XP level 3. HP: 33/33 MP: 3/3
    45 | D        | Found a basalt altar of Yredelemnul.
    45 | D        | Found a shimmering altar of Xom.
    62 | D        | Found Luxi's Distillery.
    63 | D        | Found a viscous altar of Jiyva.
    63 | D        | Found an ornate altar of the Wu Jian Council.
    63 | D        | Found a corrupted altar of Lugonu.
    63 | D        | Found Nucasoyk's Do-It-Yourself Clinic.
    64 | D        | Found Igrowink's Distillery.
    64 | D        | Found Ovion's Bottled Wisdom.
    74 | D        | Reached skill level 6 in Long Blades
    74 | D        | Reached XP level 4. HP: 28/40 MP: 4/4
    75 | D        | Arena points: 12 (+12) [x2]
    98 | D        | Found a bloodstained altar of Trog.
    99 | D        | Found Juikekes's Premium Goods.
    99 | D        | Found Hiwnauwaets's Miscellaneous Merchandise.
    99 | D        | Found Jyess's Basic Armour.
   100 | D        | Found an ancient bone altar of Kikubaaqudgha.
   100 | D        | Found a radiant altar of Vehumet.
   100 | D        | Found Niock's Weapon Rack.
   121 | D        | Round 2.
   134 | D        | Reached *** piety under Trog
   134 | D        | Reached skill level 7 in Long Blades
   136 | D        | Reached XP level 5. HP: 48/48 MP: 5/5
   146 | D        | Reached **** piety under Trog
   149 | D        | Arena points: 54 (+42) [x3]
   149 | D        | Reached skill level 8 in Long Blades
   181 | D        | Round 3.
   227 | D        | Noticed a hellwing
   234 | D        | HP: 2/72 [hellwing (9)]
   235 | D        | Mangled by a hellwing

Skill      XL: |  1  2  3  4  5 |
---------------+----------------+-----
Fighting       | 5 6 7 |  7.5
Long Blades    | 5 6 7 8 |  8.0
Throwing       | 2 3 4 |  4.2
Armour         | 3 4 |  4.0
Dodging        | 3 4 |  4.1

Action                   |  1- 3 |  4- 6 || total
-------------------------+-------+-------++-------
Melee: Falchion          |    10 |    19 ||    29
Invok: Berserk           |     1 |     2 ||     3
       Trog's Hand       |       |     1 ||     1
Armor: Robe              |     7 |     4 ||    11
Dodge: Dodged            |    21 |    14 ||    35
       Rpst.: Falchion   |     8 |     5 ||    13
